Map: Purity and Industry LE

Players

ASDFGH - Winner!

  • Race: Zerg Zerg
  • League: Diamond
  • Spawn Location: 12:00

NORTHAMERICA

  • Race: Terran Terran
  • League: Grandmaster
  • Spawn Location: 3:00

VOD

Have the link to the VOD?

Description

Time

  • Played on: March 24, 2020, 12:12 a.m.
  • Length: 30:03
Show
View Real Time Build Order
Export as new Build Order

ASDFGH Zerg - Winner!

Build Orders: Hatch First, Swarm Host 

Get SALT Encoding   

  12  0:05  Drone  
  13  0:12  Drone  
  14  0:18  Overlord  
  14  0:36  Drone x2  
  14  0:38  Drone  
  17  0:55  Drone  
  18  0:58  Hatchery  
  18  1:02  Drone  
  18  1:10  Extractor  
  17  1:12  Drone  
  17  1:17  Spawning Pool  
  17  1:21  Drone  
  17  2:06  Zergling x2  
  17  2:07  Zergling x4  
  20  2:17  Zergling x2  
  21  2:24  Zergling x4  
  21  2:25  Queen  
  25  2:35  Zergling x4  
  26  2:44  Zergling x4  
  21  2:55  Zergling x2  
  16  3:05  Zergling x2  
  16  3:06  Zergling x2  
  17  3:19  Drone  
  18  3:21  Drone  
  19  3:29  Drone  
  20  3:35  Drone  
  21  3:42  Drone  
  21  3:48  Drone  
  23  3:54  Drone  
  24  3:58  Drone  
  25  4:03  Drone  
  26  4:13  Overlord  
  26  4:16  Drone  
  27  4:21  Drone  
  28  4:30  Overlord  
  28  4:37  Queen  
  30  4:50  Drone x4  
  34  4:56  Drone  
  34  4:57  Drone  
  36  5:13  Drone x5  
  41  5:30  Drone  
  41  5:33  Drone  
  43  5:36  Drone  
  44  5:48  Metabolic Boost  
  44  5:55  Hatchery  
  43  6:02  Drone  
  44  6:05  Overlord  
  44  6:06  Overlord x4  
  44  6:23  Queen  
  44  6:24  Drone  
  44  6:25  Drone x4  
  51  6:34  Drone x2  
  51  6:39  Baneling Nest  
  52  6:40  Evolution Chamber x2  
  52  6:42  Drone  
  52  6:45  Extractor  
  52  6:46  Extractor  
  49  6:54  Drone x3  
  49  6:59  Drone x3  
  55  7:05  Drone  
  56  7:18  Queen x3  
  56  7:19  Drone x5  
  56  7:21  Zerg Ground Armor Level 1  
  67  7:27  Baneling x2  
  66  7:31  Drone x3  
  66  7:36  Drone x4  
  73  7:45  Drone  
  73  7:46  Drone x4  
  78  7:51  Baneling  
  78  7:52  Baneling x6  
  78  7:54  Zergling x6  
  81  8:03  Zergling x4  
  83  8:14  Roach Warren  
  82  8:28  Overlord x12  
  82  8:32  Extractor x2  
  80  8:46  Lair  
  80  8:52  Drone x3  
  80  8:53  Drone x3  
  86  9:04  Pneumatized Carapace  
  86  9:05  Roach x7  
  86  9:06  Hatchery  
  86  9:09  Hatchery  
  98  9:12  Burrow  
  98  9:13  Zergling x10  
  103  9:19  Roach  
  103  9:20  Roach x3  
  111  9:29  Zerg Missile Weapons Level 1  
  111  9:37  Drone  
  111  9:38  Extractor, Drone x2  
  113  9:41  Roach x5  
  123  9:53  Roach x5  
  134  10:00  Drone x3  
  134  10:02  Drone  
  137  10:12  Roach x3  
  137  10:13  Roach x7  
  157  10:21  Drone x4  
  161  10:24  Infestation Pit  
  160  10:28  Queen  
  160  10:30  Drone x4  
  166  10:36  Roach  
  166  10:37  Roach x4  
  171  10:54  Roach x5  
  181  10:57  Extractor, Overlord x7  
  181  10:58  Extractor  
  181  11:02  Spire  
  178  11:10  Extractor x2  
  175  11:32  Swarm Host, Pathogen Glands  
  175  11:33  Swarm Host x5  
  196  11:41  Zerg Missile Weapons Level 2  
  196  11:44  Drone x3  
  196  11:45  Drone  
  196  12:18  Ravager x4  
  200  12:28  Ravager x4  
  200  12:31  Zerg Ground Armor Level 2  
  194  12:51  Drone  
  194  12:52  Drone x3  
  194  12:53  Roach  
  194  12:57  Drone x5  
  197  13:03  Glial Reconstitution  
  156  13:19  Roach x6  
  158  13:21  Roach x9  
  154  13:37  Drone  
  154  13:38  Drone x29  
  154  13:44  Roach  
  145  14:02  Drone x11  
  156  14:21  Hive  
  154  14:24  Drone x6  
  154  14:25  Drone x4  
  164  14:36  Hatchery  
  163  14:47  Hatchery  
  163  14:49  Roach x11  
  184  15:06  Roach x8  
  198  15:37  Drone x2  
  198  15:38  Drone x3, Spine Crawler  
  197  16:00  Zerg Missile Weapons Level 3  
  197  16:01  Zerg Ground Armor Level 3  
  197  16:08  Greater Spire  
  197  16:15  Evolution Chamber  
  191  16:49  Ravager x9  
  199  17:05  Zerg Melee Weapons Level 1, Spine Crawler  
  154  17:24  Roach  
  154  17:25  Roach x10  
  156  17:36  Drone x7  
  157  17:39  Spine Crawler  
  157  17:40  Roach x22  
  200  17:44  Zerg Flyer Armor Level 1  
  195  17:56  Drone x5  
  200  18:15  Unknown  
  200  18:17  Extractor  
  198  18:20  Extractor  
  198  18:22  Spine Crawler  
  196  18:27  Drone  
  196  18:28  Drone x2  
  196  18:32  Spine Crawler  
  198  18:34  Tunneling Claws  
  198  18:35  Spine Crawler  
  198  18:36  Spine Crawler  
  198  18:38  Spine Crawler  
  198  18:40  Roach x2  
  189  18:48  Unknown  
  189  18:54  Roach x7  
  189  18:55  Roach x2  
  199  18:59  Viper  
  199  19:00  Viper x3  
  199  19:09  Drone  
  182  19:43  Drone x3  
  182  19:45  Drone x3  
  187  19:46  Queen  
  186  19:59  Drone x4  
  190  20:04  Spine Crawler  
  189  20:07  Neural Parasite  
  189  20:25  Extractor  
  168  20:52  Zerg Flyer Armor Level 2  
  168  20:55  Swarm Host x9  
  168  20:56  Swarm Host  
  198  21:14  Hatchery, Zerg Melee Weapons Level 2  
  198  21:17  Drone  
  198  21:18  Ultralisk Cavern, Drone  
  198  21:25  Hatchery  
  197  21:26  Roach  
  189  21:42  Roach  
  189  21:43  Roach x8  
  188  21:56  Corruptor x13  
  182  22:35  Brood Lord x9  
  198  23:05  Drone  
  198  23:06  Drone  
  198  23:12  Zerg Flyer Armor Level 3  
  196  23:17  Hatchery  
  193  23:26  Drone x7  
  200  23:29  Chitinous Plating  
  196  23:48  Unknown  
  196  23:54  Drone x6  
  161  24:48  Anabolic Synthesis  
  161  24:49  Roach  
  161  24:50  Roach x18  
  191  25:10  Brood Lord x4  
  191  25:13  Ravager x2  
  169  25:35  Swarm Host  
  169  25:36  Zergling x2, Swarm Host x9  
  200  25:45  Unknown  
  195  25:54  Drone x3  
  198  26:00  Drone x2  
  200  26:12  Hatchery  
  193  26:23  Hatchery  
  167  26:41  Zerg Melee Weapons Level 3  
  167  26:46  Ultralisk x6  
  199  26:48  Zergling x2  
  184  27:02  Spine Crawler  
  184  27:05  Zergling x40  
  190  27:11  Zergling x2  
  190  27:12  Zergling x16  
  190  27:13  Queen x5  
  200  27:21  Zergling x2  
  200  27:22  Zergling x10  
  185  27:30  Zergling x12  
  185  27:36  Zergling x2  
  166  27:40  Zergling x10  
  148  27:47  Zergling x2  
  140  27:54  Hatchery  
  138  28:03  Roach  
  138  28:04  Roach x13, Spine Crawler  
  161  28:06  Spine Crawler  
  161  28:07  Ultralisk  
  161  28:11  Drone  
  161  28:12  Drone x2  
  165  28:15  Roach x3  
  166  28:20  Roach  
  166  28:27  Roach  
  166  28:28  Roach x5  
  166  28:32  Roach  
  166  28:33  Roach x3  
  181  28:41  Roach x5  
  190  28:46  Drone x7  
  190  28:47  Queen  
  195  28:52  Drone x2  
  197  28:57  Drone x2  
  197  29:00  Hatchery  
  197  29:01  Roach x2  
  194  29:07  Roach  
  194  29:08  Roach x4  
  197  29:10  Ravager x3  
  197  29:16  Drone  
  199  29:17  Drone x3  
  191  29:27  Spine Crawler  
  191  29:31  Drone x11, Spine Crawler x2  
  191  29:34  Spine Crawler  
  198  29:40  Spine Crawler x2  
  198  29:44  Spine Crawler  
  195  29:48  Drone x4  
Show
View Real Time Build Order
Export as new Build Order

NORTHAMERICA Terran 

Build Orders:  

Get SALT Encoding   

  12  0:01  SCV  
  13  0:13  SCV  
  14  0:25  SCV  
  14  0:26  Supply Depot  
  15  0:49  Barracks  
  15  0:55  Barracks  
  15  1:06  Barracks  
  15  1:10  SCV  
  16  1:37  Marine  
  16  1:39  Orbital Command, Barracks  
  17  1:44  Marine  
  18  1:53  Supply Depot  
  18  1:55  Marine  
  18  2:01  Marine  
  18  2:03  Marine  
  20  2:13  Marine  
  21  2:19  Marine  
  21  2:21  Marine  
  21  2:29  Marine  
  22  2:31  Marine  
  20  2:38  Marine  
  20  2:39  Marine  
  20  2:49  Marine  
  14  2:57  Marine  
  15  3:06  Marine  
  11  3:12  Marine  
  11  3:14  Supply Depot  
  11  3:15  Marine  
  12  3:22  Barracks  
  9  3:42  Supply Depot  
  9  3:45  SCV  
  10  3:57  SCV  
  11  4:09  Marine  
  11  4:16  SCV  
  13  4:27  Marine  
  13  4:28  SCV  
  15  4:40  SCV  
  15  4:44  Refinery  
  16  4:49  Marine x3  
  16  4:52  SCV  
  20  5:04  SCV  
  20  5:07  Marine  
  22  5:14  Marine x2  
  22  5:16  SCV  
  25  5:24  Bunker  
  25  5:29  SCV  
  25  5:31  Marine  
  25  5:34  Marine  
  28  5:52  Command Center  
  28  5:56  SCV  
  29  6:04  Factory  
  29  6:08  SCV  
  30  6:12  Refinery  
  30  6:20  SCV  
  31  6:28  Barracks Reactor  
  31  6:30  Barracks Tech Lab  
  32  6:32  SCV  
  32  6:44  SCV  
  33  6:51  Command Center  
  33  6:57  SCV  
  34  7:02  Factory  
  34  7:06  Orbital Command  
  34  7:10  SCV  
  35  7:16  Siege Tank  
  35  7:22  SCV  
  39  7:34  SCV  
  40  7:38  SCV  
  40  7:42  Refinery  
  41  7:46  SCV  
  41  7:48  Siege Tank  
  41  7:50  SCV  
  46  7:58  Supply Depot, SCV  
  47  7:59  Engineering Bay  
  47  8:02  SCV  
  47  8:03  Hellion x2  
  52  8:10  SCV  
  53  8:26  SCV  
  54  8:29  SCV  
  54  8:33  Factory  
  55  8:37  Factory  
  55  8:39  SCV  
  55  8:40  Armory  
  56  8:41  SCV  
  56  8:42  Refinery  
  57  8:55  Supply Depot, SCV  
  57  8:58  SCV  
  57  8:59  Siege Tank  
  57  9:01  Hellion  
  64  9:13  Planetary Fortress  
  64  9:17  Missile Turret, SCV x2  
  64  9:18  Supply Depot  
  66  9:24  Factory Tech Lab, Factory Reactor  
  66  9:31  SCV x2  
  68  9:36  Siege Tank  
  68  9:38  Hellion  
  73  9:42  Terran Vehicle Weapons Level 1  
  73  9:43  SCV x2  
  75  9:49  Infernal Pre-Igniter  
  75  9:53  SCV  
  75  9:55  SCV x2  
  78  10:04  Hellion x3  
  78  10:05  SCV  
  85  10:07  Siege Tank, SCV  
  85  10:10  SCV  
  90  10:15  Armory  
  90  10:17  SCV  
  90  10:19  SCV  
  90  10:21  Supply Depot  
  92  10:22  SCV  
  92  10:25  Missile Turret  
  93  10:36  Supply Depot  
  93  10:39  Supply Depot  
  93  10:42  SCV  
  94  10:49  Starport  
  94  10:53  Hi-Sec Auto Tracking  
  94  10:54  SCV  
  95  11:01  Supply Depot  
  95  11:03  Siege Tank x2, Hellion  
  95  11:04  Hellion  
  105  11:06  SCV  
  105  11:11  Terran Vehicle And Ship Armor Level 1  
  106  11:17  Hellion x2  
  110  11:25  Hellion x2  
  114  11:28  Factory  
  114  11:31  Factory  
  114  11:41  Command Center  
  114  11:47  Siege Tank  
  117  11:56  SCV  
  118  12:04  Missile Turret  
  118  12:09  Hellion x3  
  124  12:20  Terran Vehicle Weapons Level 2  
  124  12:28  Missile Turret  
  122  12:32  Hellion  
  122  12:33  Siege Tank, Hellion x3  
  133  12:43  Supply Depot  
  133  12:44  Marine, Siege Tank  
  132  12:45  Supply Depot  
  132  12:47  Missile Turret  
  125  12:52  Hellion x4  
  119  13:03  Factory Tech Lab  
  115  13:06  Siege Tank  
  108  13:16  Siege Tank  
  108  13:19  Hellion x4  
  85  13:29  Hellion x4  
  85  13:38  Siege Tank  
  79  13:43  SCV x2  
  79  13:48  Siege Tank  
  75  13:50  Hellion x3  
  75  13:51  Hellion, SCV  
  75  13:53  Marine, Refinery  
  75  13:54  Refinery  
  86  13:55  SCV, Factory Reactor  
  86  14:02  Siege Tank  
  89  14:03  SCV  
  89  14:09  Starport Tech Lab  
  90  14:10  Siege Tank  
  90  14:15  SCV  
  90  14:16  SCV x2  
  95  14:20  Siege Tank  
  98  14:27  SCV  
  99  14:33  Terran Vehicle And Ship Armor Level 2  
  99  14:34  Siege Tank  
  102  14:42  Siege Tank  
  105  14:48  Planetary Fortress  
  105  14:49  Command Center  
  105  14:50  Hellion x3  
  111  14:58  Hellion x4  
  119  15:02  Missile Turret, SCV  
  119  15:05  Terran Vehicle Weapons Level 3  
  119  15:06  Hellion  
  122  15:08  Missile Turret  
  122  15:12  SCV  
  123  15:21  Raven  
  125  15:23  Missile Turret, Thor  
  125  15:24  SCV  
  131  15:29  Missile Turret  
  131  15:33  Hellion  
  123  15:36  Hellion x3, SCV  
  124  15:44  Hellion x2, Thor  
  124  15:48  SCV  
  135  15:50  Refinery  
  135  15:51  Refinery  
  141  16:04  Hellion x5, Sensor Tower  
  145  16:19  Hellion x3  
  145  16:25  Factory  
  141  16:30  Thor  
  141  16:31  Siege Tank, Hellion  
  149  16:48  Planetary Fortress  
  149  16:53  Hellion x3  
  149  16:54  Thor  
  160  17:04  Thor  
  166  17:12  Hellion x3  
  164  17:19  Widow Mine x2, Thor  
  151  17:37  Factory Tech Lab, Thor  
  146  17:41  Hellion x2  
  154  17:47  Thor  
  154  17:49  Hellion x2  
  154  17:50  Hellion, Smart Servos  
  156  17:52  Terran Vehicle And Ship Armor Level 3  
  156  17:54  SCV  
  156  17:55  SCV  
  156  17:57  SCV  
  159  18:05  Hellion x3  
  162  18:12  Thor  
  160  18:15  SCV  
  160  18:17  SCV  
  160  18:18  Raven  
  170  18:32  SCV  
  171  18:35  Supply Depot, Thor  
  171  18:39  Thor  
  169  18:48  Thor  
  165  18:56  Thor  
  165  19:16  SCV x2  
  161  19:18  Thor  
  161  19:22  Thor  
  167  19:26  Hellion x2  
  148  19:31  Thor  
  148  19:39  Siege Tank  
  145  19:48  SCV  
  146  19:56  SCV x2  
  145  20:01  Siege Tank, Hellion x6  
  145  20:05  Siege Tank  
  163  20:11  Siege Tank  
  166  20:14  Siege Tank  
  166  20:16  Refinery  
  166  20:18  Refinery  
  169  20:27  Command Center  
  169  20:29  Hellion  
  169  20:33  Siege Tank  
  173  20:38  Siege Tank  
  159  20:43  Siege Tank  
  159  20:46  Siege Tank  
  143  20:57  Command Center  
  143  20:58  Hellion  
  145  21:05  Siege Tank  
  145  21:07  Hellion  
  145  21:09  Hellion x4  
  145  21:10  Siege Tank  
  161  21:15  Siege Tank  
  161  21:18  SCV  
  163  21:19  Hellion x2  
  167  21:37  Siege Tank  
  167  21:39  Hellion  
  160  21:40  Siege Tank  
  160  21:41  Thor  
  160  21:44  SCV  
  160  21:46  Hellion  
  172  21:47  Siege Tank  
  172  21:48  Hellion x2  
  171  21:56  Hellion  
  167  22:09  Thor  
  167  22:12  Siege Tank  
  167  22:13  SCV  
  177  22:19  Siege Tank  
  180  22:24  Thor  
  175  22:44  Siege Tank  
  178  22:51  Siege Tank  
  178  22:52  Thor  
  181  23:03  Hellion x6  
  193  23:06  Hellion x8  
  193  23:07  Siege Tank  
  178  23:16  Thor  
  178  23:23  Thor  
  178  23:24  Hellion  
  178  23:25  Planetary Fortress  
  184  23:32  Hellion x3  
  184  23:33  Hellion  
  192  23:35  Thor  
  192  23:39  Siege Tank  
  186  23:59  Siege Tank  
  189  24:06  Thor  
  190  24:16  Command Center  
  184  24:19  Hellion x2  
  184  24:21  Hellion x2  
  172  24:41  Hellion  
  172  24:42  Hellion  
  172  24:53  Hellion  
  172  24:54  Hellion x2  
  172  25:01  Hellion  
  172  25:03  Hellion  
  170  25:24  Thor  
  170  25:28  Thor x2  
  184  25:31  Thor  
  184  25:32  Hellion x3  
  184  25:33  Hellion  
  163  26:06  Thor  
  163  26:08  Hellion x4  
  163  26:10  Thor  
  163  26:11  Siege Tank  
  186  26:14  Thor  
  160  26:42  Thor  
  154  26:49  Thor  
  154  26:53  Thor  
  164  26:57  Thor  
  168  27:07  Hellion  
  168  27:08  Hellion x5  
  177  27:25  Thor  
  177  27:29  Hellion x3  
  187  27:32  Widow Mine, Thor  
  187  27:36  Hellion, Thor  
  183  27:37  Hellion  
  183  27:40  Thor  
  147  28:08  Siege Tank  
  157  28:24  Thor, Command Center  
  157  28:25  Siege Tank  
  155  28:30  Siege Tank  
  158  28:40  Hellion  
  112  28:49  Siege Tank  
  107  28:57  Siege Tank  
  92  29:16  Thor  
  92  29:17  Siege Tank  
Tags
 
Add a new tag
Caveats
  • Supply blocks, unpowered buildings, or Contaminate may cause inaccurate times.
  • Supply counts are checked every 10 seconds.